 Seeded DCSS version 0.30.1 (webtiles) character file.

Game seed: 6351066067085065685 (custom seed)

50 Esekla the Grave Robber (level 3, 0/19 HPs)
             Began as a Deep Elf Necromancer on July 6, 2023.
             Was an Initiate of Vehumet.
             Slain by a gnoll
             ... wielding a +0 flail
              (6 damage)
             ... on level 2 of the Dungeon.
             The game lasted 00:07:11 (950 turns).

Esekla the Grave Robber (Deep Elf Necromancer)       Turns: 950, Time: 00:07:12

Health: 0/19       AC:  3    Str:  5    XL:     3   Next: 55%
Magic:  4/10       EV: 13    Int: 21    God:    Vehumet [......]
Gold:   60         SH:  0    Dex: 18    Spells: 5/9 levels left

rFire   . . .        m - +5 rapier of the Hero {heavy, rN+ Dex+3}
rCold   . . .        (no shield)
rNeg    + . .        a - +0 robe
rPois   .            (no helmet)
rElec   .            (no cloak)
rCorr   .            k - +0 pair of gloves
SInv    .            (no boots)
Will    .....        (no amulet)
Stlth   ++           (no ring)
HPRegen 0.23/turn    (no ring)
MPRegen 0.12/turn

%: no passive effects
@: very slightly contaminated
A: no striking features
a: Renounce Religion


You were on level 2 of the Dungeon.
You worshipped Vehumet.
Vehumet was noncommittal.
You visited 1 branch of the dungeon, and saw 4 of its levels.

You collected 60 gold pieces.

Inventory:

Hand Weapons
 m - the +5 rapier of the Hero (weapon) {heavy, rN+ Dex+3}
   (You found it on level 3 of the Dungeon)

   Dex:       It affects your dexterity (+3).
   rN:        It protects you from negative energy.
 r - a +0 spear
Armour
 a - a +0 robe (worn)
 k - a +0 pair of gloves (worn)
Scrolls
 c - a scroll of identify {unknown}
 e - a scroll of fear {unknown}
 f - a scroll of blinking {unknown}
 l - a scroll of immolation {unknown}
Potions
 b - a potion of magic
 d - a potion of ambrosia {unknown}
 g - 2 potions of attraction {unknown}
 h - a potion of heal wounds {unknown}
 i - a potion of haste {unknown}
 j - a potion of curing {unknown}


   Skills:
 + Level 0.2 Short Blades
 * Level 3.0 Dodging
 + Level 3.0 Stealth
 * Level 3.6 Spellcasting
 * Level 5.5 Necromancy


You had 5 spell levels left.
You knew the following spells:

 Your Spells              Type           Power      Damage    Failure   Level
a - Necrotise             Necr           100%       1d9       1%          1
d - Vampiric Draining     Necr           27%        2d7       3%          3

Your spell library contained the following spells:

 Spells                   Type           Power      Damage    Failure   Level
 Animate Dead             Necr           27%        N/A       13%         4
 Agony                    Necr           27%        N/A       34%         5


Dungeon Overview and Level Annotations

Branches:
Dungeon (4/15)
 Temple: D:4-7

Altars:
Vehumet

Shops:
D:2 =


Message History

You start resting.
A gnoll is nearby!
You start resting.
Magic restored.
You start waiting.
A gnoll is nearby!
You puncture the gnoll!
You kill the gnoll!
Vehumet accepts your kill.
Your Dodging skill increases to level 3!
Things that are here:
a +0 club; a gnoll corpse
Found a stone staircase leading up.
Found a short sword.
A black bear comes into view.
You start waiting.
A gnoll is nearby!
There is a stone staircase leading up here.
You closely miss the gnoll. The gnoll completely misses you.
The gnoll hits you with a +0 flail.
Casting: Vampiric Draining (quite dangerous; 3% risk of failure)
Confirm with . or Enter, or press ? or * to list all spells.
The spell is quite dangerous to miscast (3% risk of failure)!
Continue anyway?
Aiming: Vampiric Draining (quite dangerous; 3% risk of failure)
Press: ? - help, Shift-Dir - straight line, f - gnoll
Aim: a gnoll, wielding a +0 flail You miscast Vampiric Draining.
You are very lightly contaminated with residual magic.
Nothing appears to happen.
The gnoll hits you with a +0 flail!
Ouch! That really hurt!
* * * LOW HITPOINT WARNING * * *
Casting: Vampiric Draining (quite dangerous; 3% risk of failure)
Confirm with . or Enter, or press ? or * to list all spells.
The spell is quite dangerous to miscast (3% risk of failure)!
Continue anyway?
Aiming: Vampiric Draining (quite dangerous; 3% risk of failure)
Press: ? - help, Shift-Dir - straight line, f/p - gnoll
Aim: a gnoll, wielding a +0 flail You draw life force from the gnoll.
You feel life coursing into your body. The gnoll hits you with a +0 flail.
You die...

#.# #.#..# #)# #.#..#
#.##########....#####.
#.....................
############.#...####..#
#.##........#
#.##..#####.#
#.##..#####.###
#.##@g........#
..##........).
#.##.######.#.####
#...g.........h
########.#.#### .# .# .#
##


You could see a gnoll.

Vanquished Creatures
  2 gnolls (D:2)
  An adder (D:2)
  4 ball pythons (D:1)
  3 bats
  2 endoplasms
  2 goblins (D:1)
  2 hobgoblins (D:3)
  2 frilled lizards
  3 kobolds
21 creatures vanquished.

Notes
Turn   | Place    | Note
-------+----------+-------------------------------------------
     0 | D:1      | Esekla the Deep Elf Necromancer began the quest for the
                  | Orb.
     0 | D:1      | Reached XP level 1. HP: 10/10 MP: 6/6
   136 | D:1      | Reached skill level 5 in Necromancy
   194 | D:1      | Reached XP level 2. HP: 15/15 MP: 8/8
   510 | D:4      | Found a radiant altar of Vehumet.
   514 | D:4      | Became a worshipper of Vehumet
   677 | D:3      | Identified the +5 rapier of the Hero {heavy, rN+ Dex+3}
   692 | D:2      | Found Renulab's Jewellery Shop.
   765 | D:2      | Reached XP level 3. HP: 19/19 MP: 10/10
   769 | D:2      | Learned a level 3 spell: Vampiric Draining
   931 | D:2      | Noticed a black bear
   950 | D:2      | Slain by a gnoll

Illustrated notes

Levels and vault maps discovered:
D:1:      sevenhm_arrival_forest_fort_small_3, layout_rooms,
          chequers_serial_rivers_room_b, minmay_misc_feat_five
D:2:      layout_loops_ring, dreamdust_ecumenical_altar_angels_and_demons,
          serial_shops, shop
D:3:      layout_basic, grunt_temple_overflow_open, minmay_misc_feat_iff
D:4:      layout_basic, nicolae_overflow_quartered_altars, serial_shops,
          nicolae_diamond_shop

Skill      XL: |  1  2  3 |
---------------+----------+-----
Necromancy     | 5 |  5.5
Stealth        | 3 |  3.0
Dodging        | 3 |  3.0
Short Blades   | |  0.2
Spellcasting   | |  3.6

Action                     || total
---------------------------++-------
  Melee: Unarmed           ||     9
         Dagger            ||    38
         Short sword       ||     5
         Punch             ||     1
         Rapier            ||     7
   Cast: Vampiric Draining ||     3
   Stab: Sleeping          ||     4
 Armour: Robe              ||    10
  Dodge: Dodged            ||    37
